 Dungeon Crawl Stone Soup version 0.17.1-1-g73c8601 (webtiles) character file.

211 Goblin1989 the Insei (level 5, -3/27 HPs)
             Began as a Vine Stalker Monk on Jan 5, 2016.
             Was an Initiate of Ru.
             Slain by Duvessa
             ... wielding a +0 short sword
              (4 damage)
             ... on level 4 of the Dungeon.
             The game lasted 00:07:26 (2542 turns).

Goblin1989 the Insei (Vine Stalker Monk)            Turns: 2542, Time: 00:07:27

Health: -3/27      AC:  9    Str: 15    XL:     5   Next: 88%
Magic:  0/6        EV:  7    Int: 10    God:    Ru [......]
Gold:   109        SH:  0    Dex: 16    Spells: 0 memorised, 4 levels left

rFire  . . .     SeeInvis .       - Unarmed
rCold  . . .     Clarity  .     l - +0 chain mail
rNeg   . . .     SustAt   .     (no shield)
rPois  .         Gourm    .     i - +0 helmet
rElec  .         Spirit   +     (no cloak)
rCorr  .         Warding  .     (no gloves)
rMut   .         Stasis   .     (no boots)
MR     .....                    (no amulet)
Stlth  ..........               (no ring)
                                (no ring)

@: glowing, not resistant to hostile enchantments, extremely unstealthy
A: fangs 2, regeneration 1, magic shield, antimagic bite, no device heal 3, rot
immunity
a: Renounce Religion


You were on level 4 of the Dungeon.
You worshipped Ru.
Ru was noncommittal.
You were hungry.

You visited 1 branch of the dungeon, and saw 4 of its levels.

You collected 109 gold pieces.

Inventory:

Armour
 i - a +0 helmet (worn)
 l - a +0 chain mail (worn)
Jewellery
 t - a cursed -4 ring of evasion {unknown}
Wands
 r - a wand of confusion (28)
 v - a wand of digging (16)
Scrolls
 a - 2 scrolls of enchant weapon {unknown}
 f - 2 scrolls of magic mapping
 g - a scroll of teleportation {unknown}
 m - a scroll of enchant armour {unknown}
 o - 4 scrolls of remove curse
 p - a scroll of recharging {unknown}
 q - 3 scrolls of identify
 s - a scroll of fog {unknown}
 w - 3 scrolls of fear {unknown}
 y - a scroll of blinking {unknown}
Potions
 c - a potion of cure mutation {unknown}
 d - a potion of magic {unknown}
 e - a potion of heal wounds {unknown}
 h - 3 potions of flight {unknown}
 j - 3 potions of agility {unknown}
 x - a potion of curing {unknown}
 z - a potion of might {unknown}
Comestibles
 b - 3 bread rations
 k - a fruit
 n - a slice of pizza
 u - 3 meat rations


   Skills:
 - Level 2.6 Fighting
 + Level 2.0 Armour
 - Level 2.4 Dodging
 - Level 2.4 Stealth
 * Level 6.2 Unarmed Combat


You had 4 spell levels left.
You didn't know any spells.

Dungeon Overview and Level Annotations

Branches:
Dungeon (4/15)
 Temple: D:4-7

Altars:
Ru
Trog

Annotations:
D:4 Dowan, Duvessa


Innate Abilities, Weirdness & Mutations

You have extremely sharp teeth.
Your natural rate of healing is unusually fast.
When hurt, damage is shared between your health and your magic reserves.
Your bite disrupts and absorbs the magic of your enemies.
Potions and wands cannot restore your health.
You are immune to rotting.


Message History

You feel invigorated.
Duvessa is severely wounded.
Duvessa hits you with a short sword.
* * * LOW HITPOINT WARNING * * *
Dowan hits you but does no damage.
You hit Duvessa but do no damage. Your bite misses Duvessa.
Duvessa is severely wounded.
Duvessa barely misses you. Dowan hits you but does no damage.
You hit Duvessa but do no damage. You bite Duvessa, but do no damage.
Duvessa is severely wounded.
Duvessa hits you but does no damage. Dowan hits you with a dagger.
You punch Duvessa!
Duvessa is almost dead.
Duvessa hits you with a short sword.
* * * LOW HITPOINT WARNING * * *
Dowan hits you but does no damage.
Your chain mail prevents you from hitting Duvessa.
Duvessa is almost dead.
Duvessa hits you with a short sword.
You die...

*,* #..#
#.###......#####*
#.####.#####.#
*......#≈≈≈#
#.........†..#
*,..[$.#≈_≈#
######.#######
*,....,#...# #.#
#######..#,#.≈.#
#.#####..e...e.#,#...#***
#.......#***#.#*,#.≈.#,,,
#.###########.####...#***
#......e@e.......#.≈.#
################.#...##
#.≈.≈.≈# #..≈.≈.#
#......# ########


You could see Duvessa and Dowan.

Vanquished Creatures
  An orc wizard (D:3)
  Robin (D:2)
  6 adders
  3 gnolls (D:2)
  An ooze (D:3)
  3 worms
  3 orcs (D:3)
  A ball python (D:2)
  4 giant cockroaches
  12 hobgoblins
  8 bats
  3 giant geckos
  3 giant newts
  18 goblins
  9 jackals (D:2)
  3 kobolds
  4 rats
83 creatures vanquished.

Notes
Turn   | Place    | Note
--------------------------------------------------------------
     0 | D:1      | Goblin1989 the Vine Stalker Monk began the quest for the Orb.
     0 | D:1      | Reached XP level 1. HP: 11/11 MP: 2/2
   215 | D:1      | Reached XP level 2. HP: 7/16 MP: 3/3
   703 | D:2      | Reached XP level 3. HP: 17/19 MP: 4/4
   711 | D:2      | You fall through a shaft!
   791 | D:3      | Reached skill level 5 in Unarmed Combat
  1036 | D:3      | Reached XP level 4. HP: 16/23 MP: 3/5
  1047 | D:3      | Reached skill level 1 in Armour
  1441 | D:2      | Reached XP level 5. HP: 25/27 MP: 6/6
  1627 | D:2      | Reached skill level 6 in Unarmed Combat
  1990 | D:2      | Noticed Robin
  2040 | D:2      | Killed Robin
  2328 | D:4      | Found a bloodstained altar of Trog.
  2368 | D:4      | Noticed Dowan
  2480 | D:4      | Found a sacrificial altar of Ru.
  2488 | D:4      | Became a worshipper of Ru the Awakened
  2504 | D:4      | Noticed Duvessa
  2538 | D:4      | HP: 1/27 [Duvessa/short sword (1)]
  2542 | D:4      | Slain by Duvessa

Action                   |  1- 3 |  4- 6 || total
-------------------------+-------+-------++-------
Melee: Unarmed           |    94 |   204 ||   298
Invok: Reject Sacrifices |       |     1 ||     1
  Use: Scroll            |       |     2 ||     2
 Stab: Sleeping          |     3 |       ||     3
  Eat: Chunk             |       |     4 ||     4
       Fruit             |       |     1 ||     1
